 Dungeon Crawl Stone Soup version 0.30-a0-218-gedb9141078 (webtiles) character file.

Game seed: 8239838736605220564

44 porpoise the Sneak (level 3, -10/29 HPs)
             Began as an Armataur Enchanter on Oct 5, 2022.
             Blown up by Ijyb (15 damage)
             ... with a mindburst bolt
             ... on level 2 of the Dungeon.
             The game lasted 00:04:23 (1531 turns).

porpoise the Sneak (Armataur Enchanter)             Turns: 1531, Time: 00:04:23

Health: -10/29     AC:  5    Str: 13    XL:     3   Next: 39%
Magic:  5/5        EV: 13    Int: 15    God:
Gold:   92         SH:  0    Dex: 12    Spells: 5/5 levels left

rFire   . . .      SeeInvis .    a - +1 dagger
rCold   . . .      Faith    .    (no shield)
rNeg    . . .      Spirit   .    d - +0 leather armour
rPois   .          Reflect  .    b - +0 helmet
rElec   .          Harm     .    (no cloak)
rCorr   .          Roll     +    (no gloves)
Will    .....                    (no barding)
Stlth   ++........               (no amulet)
HPRegen 0.24/turn                k - +4 ring of evasion
MPRegen 0.09/turn                (no ring)

@: no status effects
A: large, rugged brown scales 3, deformed body, armoured tail, roll, long
tongue, awkward tongue
a: no special abilities


You were on level 2 of the Dungeon.
You visited 1 branch of the dungeon, and saw 2 of its levels.

You collected 92 gold pieces.

Inventory:

Hand Weapons
 a - a +1 dagger (weapon)
Missiles
 e - 3 atropa-tipped darts (quivered)
 g - 6 poisoned darts
 l - a throwing net
Armour
 b - a +0 helmet (worn)
 d - a +0 leather armour (worn)
Jewellery
 k - a +4 ring of evasion (left hand)
Scrolls
 h - 2 scrolls of identify {unknown}
 j - a scroll of summoning {unknown}
Potions
 c - 2 potions of invisibility
 f - a potion of resistance {unknown}
 i - 2 potions of might {unknown}
 m - a potion of cancellation {unknown}
 n - a potion of heal wounds {unknown}


   Skills:
 + Level 1.4 Fighting
 + Level 1.8 Short Blades
 - Level 1.3 Dodging
 + Level 4.0 Stealth
 - Level 1.7 Spellcasting
 - Level 2.6 Hexes


You had 5 spell levels left.
You didn't know any spells.
Your spell library contained the following spells:

 Spells                   Type           Power      Damage    Failure   Level
 Ensorcelled Hibernation  Hex/Ice        10%        N/A       26%         2
 Confusing Touch          Hex            9%         N/A       28%         3
 Tukima's Dance           Hex            9%         N/A       28%         3
 Dazzling Flash           Conj/Hex       10%        N/A       45%         3
 Ozocubu's Armour         Ice            1%         N/A       65%         3
 Metabolic Englaciation   Hex/Ice        2%         N/A       99%         5
 Simulacrum               Ice/Necr       0%         N/A       100%        6


Dungeon Overview and Level Annotations

Branches:
Dungeon (2/15)

Altars:
Xom

Annotations:
D:2 Ijyb


Innate Abilities, Weirdness & Mutations

You are completely covered in rugged brown scales. (AC +3, +7% HP)
Armour fits poorly on your strangely shaped body.
You have a long armoured tail.
You roll when moving toward enemies. (Rampage)
Your long tongue fully drains potion bottles. (2x potion effects)
Your tongue gives you trouble enunciating. (1.5x scroll delay)


Message History

Ijyb screams, "Me stronger than you!" Ijyb hits you but does no damage.
You miss Ijyb.
Ijyb is lightly wounded.
The goblin hits you but does no damage. Ijyb hits you but does no damage.
Ijyb attacks as you move away! Ijyb misses you.
Ijyb screams, "No!
No, no, no, no!"
You hit the goblin.
The goblin is heavily wounded.
You hit the goblin.
You kill the goblin!
You hit the goblin. You tail-slap the goblin.
The goblin is severely wounded.
You closely miss Ijyb.
Ijyb is lightly wounded.
You barely miss Ijyb.
Your tail-slap misses Ijyb.
Ijyb is lightly wounded.
Ijyb hits you with a +0 club.
You closely miss Ijyb.
Your tail-slap misses Ijyb.
Ijyb is lightly wounded.
Ijyb zaps a wand.
You barely resist. You barely miss Ijyb.
Ijyb is lightly wounded.
Ijyb hits you but does no damage.
You completely miss Ijyb. You tail-slap Ijyb, but do no damage.
Ijyb is lightly wounded.
Ijyb hits you but does no damage.
You closely miss Ijyb.
Ijyb is lightly wounded.
Ijyb hits you but does no damage.
You hit Ijyb but do no damage.
Ijyb is lightly wounded.
Ijyb zaps a wand.
Your mind is blasted!
* * * LOW HITPOINT WARNING * * *
You hit Ijyb.
Ijyb is lightly wounded.
Ijyb screams, "Me stronger than you!"
Ijyb zaps a wand.
Your mind is blasted!
Ouch! That really hurt!
You die...

##.#.# ### ..... ..# ###...# #.#
.....# #.# #...# #.# #...#
#.####.##. #...#####.........
#......@gg.###.##.#
#...#####g.###.##.#
..[#####.................#
#..................##.##.# #
..#..#####.#.#8g....8##. #.. .
..#..#####.#.#.......##. #.######
.............#8.g...8##.##.......
..[..........#.......##..........
.............#8.....8###.#.###.##


You could see Ijyb and 2 goblins.

Vanquished Creatures
  2 worms (D:2)
  A dart slug (D:1)
  An orc (D:2)
  4 ball pythons
  2 bats (D:2)
  2 endoplasms (D:1)
  2 giant cockroaches (D:1)
  3 goblins (D:2)
  2 hobgoblins (D:1)
  2 jackals (D:1)
  3 quokkas
  4 frilled lizards
  A kobold (D:1)
  3 rats (D:1)
32 creatures vanquished.

Notes
Turn   | Place    | Note
-------+----------+-------------------------------------------
     0 | D:1      | porpoise the Armataur Enchanter began the quest for the
                  | Orb.
     0 | D:1      | Reached XP level 1. HP: 14/14 MP: 3/3
    36 | D:1      | Reached skill level 1 in Short Blades
   329 | D:1      | Reached XP level 2. HP: 20/23 MP: 4/4
   606 | D:1      | Reached skill level 1 in Fighting
  1207 | D:2      | Reached XP level 3. HP: 29/29 MP: 5/5
  1286 | D:2      | Found a shimmering altar of Xom.
  1443 | D:2      | Reached skill level 4 in Stealth
  1506 | D:2      | Noticed Ijyb
  1531 | D:2      | Blown up by Ijyb

Illustrated notes

Levels and vault maps discovered:
D:1:      minmay_arrival_solitary_statue, layout_basic, serial_forest,
          infiniplex_forest_end_2, infiniplex_forest_lined_ring,
          infiniplex_forest_clump_long, infiniplex_forest_lined_room_,
          infiniplex_forest_clump_curved, roderic_serpentine_path
D:2:      kennysheep_the_goblin_king, layout_basic,
          ebering_ecumenical_altar_box, basic_altar

Skill      XL: |  1  2  3 |
---------------+----------+-----
Short Blades   | 1 |  1.8
Fighting       | 1 |  1.4
Stealth        | 4 |  4.0
Dodging        | |  1.3
Spellcasting   | |  1.7
Hexes          | |  2.6

Action                   || total
-------------------------++-------
Melee: Dagger            ||   109
       Tailslap          ||    14
       Punch             ||     1
 Stab: Sleeping          ||     5
Armor: Leather armour    ||    37
       Robe              ||     2
Dodge: Dodged            ||    29

Table legend: (Time is in decaauts)
 A = Elapsed time spent in this place.
 B = Non-inter-level travel time spent in this place.
 C = Inter-level travel time spent in this place.
 D = Time resting spent in this place.
 E = Time spent auto-exploring this place.
 F = Levels seen in this place.
 G = Mean time per level.
                   A        B        C        D        E       F      G
               +--------+--------+--------+--------+--------+-----+--------+
         Total |   1522 |   1481 |     41 |    357 |    847 |   2 |  761.0 |
       Dungeon |   1522 |   1481 |     41 |    357 |    847 |   2 |  761.0 |
               +--------+--------+--------+--------+--------+-----+--------+

Top non-repeatable levels by time:
     D:1: 1050 daAuts
     D:2: 471 daAuts
